 Dungeon Crawl Stone Soup version 0.29.0-4-gdea44cf6ec (webtiles) character file.

Game seed: 17615091973791311879

228 qw the Sneak (level 6, 0/37 HPs)
             Began as a Gargoyle Delver on Sept 10, 2022.
             Slain by a gnoll
             ... wielding a +0 flail
              (6 damage)
             ... on level 3 of the Dungeon.
             The game lasted 00:01:10 (3141 turns).

qw the Sneak (Gargoyle Delver)                      Turns: 3141, Time: 00:01:11

Health: 0/37       AC: 14    Str: 16 (18) XL:     6   Next: 2%
Magic:  6/6        EV:  9    Int:  7 (10) God:
Gold:   142        SH:  0    Dex: 10 (11) Spells: 5/5 levels left

rFire   . . .      SeeInvis .   Y - +0 hand axe
rCold   . . .      Faith    .   (no shield)
rNeg    + . .      Spirit   .   h - +0 scale mail
rPois   inf        Reflect  .   d - +0 helmet
rElec   +          Harm     .   (no cloak)
rCorr   .          Rampage  .   m - +1 pair of gloves
Will    .....                   (no boots)
Stlth   +.........              (no amulet)
HPRegen 0.12/turn               (no ring)
MPRegen 0.10/turn               (no ring)

@: no status effects
A: sickness immunity, AC +4, negative energy resistance 1, electricity
resistance, torment resistance 1, petrification resistance
a: no special abilities


You were on level 3 of the Dungeon.
You visited 1 branch of the dungeon, and saw 5 of its levels.

You collected 142 gold pieces.


Innate Abilities, Weirdness & Mutations

You are immune to sickness and miasma.
Your stone body is resilient. (AC +4)
You are immune to poison.
You resist negative energy. (rN+)
You are resistant to electric shocks. (rElec)
You are resistant to unholy torment.
You are immune to petrification.


   Skills:
 - Level 3.2 Fighting
 - Level 5.0 Axes
 - Level 0.7 Throwing
 + Level 1.9 Armour
 - Level 1.5 Dodging
 - Level 5.4 Stealth


You had 5 spell levels left.
You didn't know any spells.
Your spell library was empty.

Inventory:

Hand Weapons
 i - a +0 whip
 Y - a +0 hand axe (weapon)
Armour
 d - a +0 helmet (worn)
 h - a +0 scale mail (worn)
 m - a +1 pair of gloves (worn)
Wands
 g - a wand of digging (3)
Scrolls
 a - a scroll of identify
Potions
 c - a potion of attraction {unknown}
 e - a potion of flight {unknown}
 f - a potion of haste
 j - a potion of brilliance {unknown}
 l - a potion of curing {unknown}
 n - a potion of cancellation {unknown}

Dungeon Overview and Level Annotations

Branches:
Dungeon (5/15)
 Temple: D:4-7

Altars:
Uskayaw
Yredelemnul

Shops:
D:4 [


Message History

You barely miss the iguana.
The iguana is heavily wounded.
The iguana bites you.
You barely miss the iguana.
The iguana is heavily wounded.
The iguana bites you!
You hit the iguana but do no damage.
The iguana is heavily wounded.
The iguana barely misses you.
You completely miss the iguana.
The iguana is heavily wounded.
The iguana barely misses you.
You hit the iguana but do no damage.
The iguana is heavily wounded.
The iguana barely misses you.
You closely miss the iguana.
The iguana is heavily wounded.
The iguana barely misses you.
The iguana bites you but does no damage.
You hit the iguana.
The iguana is severely wounded.
The iguana bites you!
3135 ||| READING scroll of teleportation.
As you read the scroll of teleportation, it crumbles to dust.
You feel strangely unstable.
The iguana bites you but does no damage.
You hit the iguana.
You kill the iguana!
You have reached level 6!
You start resting.
Your surroundings suddenly seem different. 2 gnolls come into view.
A bat comes into view.
The gnoll hits you but does no damage.
The bat moves out of view.
You hit the gnoll.
The gnoll is heavily wounded.
A gnoll comes into view. It is wielding a +0 whip.
You closely miss the gnoll.
The gnoll is heavily wounded.
The gnoll hits you with a +0 flail.
You die...

##.###
#....
....#
#...#
#...#
###...#
#g....#
#@#
#...gg#
#.###.#
b.. ###


You could see 3 gnolls and a bat.

Vanquished Creatures
  A howler monkey (D:4)
  Jessica (D:2)
  An iguana (D:3)
  Robin (D:2)
  4 adders
  A gnoll (D:1)
  A dart slug (D:2)
  An orc (D:3)
  4 bats
  5 endoplasms
  A giant cockroach (D:4)
  11 goblins
  8 hobgoblins
  12 jackals
  3 quokkas
  8 ball pythons
  4 frilled lizards
  6 kobolds
  3 rats
76 creatures vanquished.

Vanquished Creatures (others)
  3 plants (D:1)
3 creatures vanquished.

Grand Total: 79 creatures vanquished

Notes
Turn   | Place    | Note
-------+----------+-------------------------------------------
     0 | D:5      | qw the Gargoyle Delver began the quest for the Orb.
     0 | D:5      | Reached XP level 1. HP: 14/14 MP: 1/1
     0 | D:5      | 0 ||| qw: Version: 0.1-a-116-g5d60599
     0 | D:5      | 0 ||| qw: Game counter: 7744
     0 | D:5      | 0 ||| qw: Always use a shield: true
     0 | D:5      | 0 ||| qw: God list: Okawaru
     0 | D:5      | 0 ||| qw: Allow faded altars: false
     0 | D:5      | 0 ||| qw: Do Orc after D:15 true
     0 | D:5      | 0 ||| qw: Do second Lair branch before Depths: true
     0 | D:5      | 0 ||| qw: Lair rune preference: random
     0 | D:5      | 0 ||| qw: Plans: Normal
     0 | D:5      | 0 ||| PLANNING D:1-11
     0 | D:5      | 0 ||| DROPPING scroll of fog.
     1 | D:5      | 1 ||| DROPPING scroll of magic mapping.
     2 | D:5      | 2 ||| DROPPING scroll of fear.
    24 | D:4      | Noticed a howler monkey
    37 | D:4      | Killed a howler monkey
    38 | D:4      | Reached skill level 3 in Axes
    38 | D:4      | Reached XP level 2. HP: 10/19 MP: 2/2
    38 | D:4      | Reached XP level 3. HP: 12/23 MP: 3/3
    52 | D:4      | 52 ||| Stepping ~*~*~tactically~*~*~ (stealth).
   140 | D:4      | 140 ||| Stepping ~*~*~tactically~*~*~ (stealth).
   141 | D:4      | 141 ||| Stepping ~*~*~tactically~*~*~ (stealth).
   170 | D:4      | 170 ||| Stepping ~*~*~tactically~*~*~ (stealth).
   174 | D:4      | 174 ||| Stepping ~*~*~tactically~*~*~ (stealth).
   209 | D:4      | Found Ridats's Antique Armour Boutique.
   217 | D:3      | 217 ||| PLANNING SEWER
   271 | D:3      | Found a hide-covered altar of Uskayaw.
   272 | D:3      | Found a basalt altar of Yredelemnul.
   450 | D:3      | Reached XP level 4. HP: 27/28 MP: 4/4
   811 | D:3      | 811 ||| RIP SEWER
   812 | D:3      | 812 ||| PLANNING D:1-11
   872 | D:3      | 872 ||| UPGRADING to +0 scale mail.
   882 | D:3      | 882 ||| DROPPING +0 leather armour.
   883 | D:3      | 883 ||| DRINKING 2 green potions.
   930 | D:2      | Noticed Robin
   931 | D:2      | 931 ||| Stepping ~*~*~tactically~*~*~ (hiding).
   933 | D:2      | 933 ||| Stepping ~*~*~tactically~*~*~ (hiding).
   935 | D:2      | 935 ||| Stepping ~*~*~tactically~*~*~ (hiding).
   936 | D:2      | 936 ||| Stepping ~*~*~tactically~*~*~ (hiding).
   954 | D:2      | Reached skill level 1 in Armour
   954 | D:2      | HP: 6/28 [Robin/+0 spear (4)]
   955 | D:2      | 955 ||| DRINKING potion of heal wounds.
   966 | D:2      | Killed Robin
   984 | D:2      | 984 ||| UPGRADING to +0 helmet.
  1058 | D:1      | Reached XP level 5. HP: 28/32 MP: 5/5
  1183 | D:1      | 1183 ||| Stepping ~*~*~tactically~*~*~ (stealth).
  1284 | D:1      | 1284 ||| DROPPING +0 club.
  1591 | D:1      | 1591 ||| Stepping ~*~*~tactically~*~*~ (stealth).
  1608 | D:1      | 1608 ||| Stepping ~*~*~tactically~*~*~ (stealth).
  1637 | D:1      | 1637 ||| Stepping ~*~*~tactically~*~*~ (hiding).
  1645 | D:1      | 1645 ||| Stepping ~*~*~tactically~*~*~ (hiding).
  1646 | D:1      | 1646 ||| Stepping ~*~*~tactically~*~*~ (hiding).
  1648 | D:1      | 1648 ||| Stepping ~*~*~tactically~*~*~ (stealth).
  2147 | D:1      | 2147 ||| UPGRADING to +1 pair of gloves.
  2152 | D:1      | 2152 ||| READING 2 scrolls labelled LYACWA HOICW.
  2153 | D:1      | 2153 ||| READING scroll labelled QOOFOR TUITS.
  2154 | D:1      | 2154 ||| READING scroll labelled QOAS ESEUN.
  2186 | D:2      | 2186 ||| STAIRDANCE
  2198 | D:2      | 2198 ||| STAIRDANCE
  2532 | D:2      | 2532 ||| Stepping ~*~*~tactically~*~*~ (stealth).
  2538 | D:2      | 2538 ||| Stepping ~*~*~tactically~*~*~ (stealth).
  2540 | D:2      | 2540 ||| Stepping ~*~*~tactically~*~*~ (stealth).
  2547 | D:2      | 2547 ||| Stepping ~*~*~tactically~*~*~ (stealth).
  2549 | D:2      | 2549 ||| Stepping ~*~*~tactically~*~*~ (stealth).
  2550 | D:2      | 2550 ||| Stepping ~*~*~tactically~*~*~ (stealth).
  2840 | D:2      | Found a basalt altar of Yredelemnul.
  2932 | D:2      | Noticed Jessica
  2939 | D:2      | Killed Jessica
  3076 | D:2      | 3076 ||| DROPPING amulet of faith.
  3077 | D:2      | 3077 ||| DRINKING 2 emerald potions.
  3078 | D:2      | 3078 ||| DROPPING potion of degeneration.
  3111 | D:3      | Found a faded altar of an unknown god.
  3134 | D:3      | HP: 4/32 [iguana (7)]
  3135 | D:3      | 3135 ||| READING scroll of teleportation.
  3137 | D:3      | Reached XP level 6. HP: 5/37 MP: 6/6
  3141 | D:3      | Slain by a gnoll

Levels and vault maps discovered:
D:1:      wander_arrival_estate, layout_loops_ring, serial_rivers,
          chequers_serial_rivers_small_a, chequers_serial_rivers_micro_b,
          chequers_serial_rivers_large_a, chequers_serial_rivers_micro_a,
          nicolae_grassy_gnolls
D:2:      minmay_chambers_of_ones, layout_rooms, basic_altar,
          grunt_ministairs_13, dreamdust_princess_bridge, uniq_robin,
          uniq_jessica
D:3:      layout_loops_ring, amethyst_overflow_temple_binary,
          cheibrodos_sewer_entry_bend, basic_ecumenical_altar
D:4:      layout_layer_cave, mainiacjoe_overflow_catwalk,
          minmay_temple_entry_waves, serial_shops, nicolae_square_shop
D:5:      layout_basic, old_standard_altar, ebering_ghost_rock_garden,
          uniq_grinder, uniq_duvessa

Skill      XL: |  1  2  3  4  5 |
---------------+----------------+-----
Axes           | 3 4 5 |  5.0
Armour         | 1 |  1.9
Fighting       | |  3.2
Throwing       | |  0.7
Dodging        | |  1.5
Stealth        | |  5.4

Action                   |  1- 3 |  4- 6 || total
-------------------------+-------+-------++-------
Melee: Hand axe          |    35 |   212 ||   247
Throw: Javelin           |       |     7 ||     7
  Use: Potion            |       |     3 ||     3
       Scroll            |       |     4 ||     4
 Stab: Sleeping          |     1 |       ||     1
Armor: Leather armour    |    15 |    12 ||    27
       Scale mail        |       |   126 ||   126
Dodge: Dodged            |    21 |   116 ||   137

Table legend:
 A = Non-vault XP
 B = Vault XP
 C = Vault XP percentage of total XP
 D = Non-vault monster count
 E = Vault monster count
 F = Vault count percentage of total count
                 A         B        C        D         E       F
            +---------+---------+-------+---------+---------+-------
      Total |     230 |      97 |  29.7 |      56 |      20 |  26.3
            +---------+---------+-------+---------+---------+-------
        D:1 |      44 |      14 |  24.1 |      29 |       2 |   6.5
        D:2 |      23 |      83 |  78.3 |      12 |      18 |  60.0
        D:3 |      91 |       0 |   0.0 |      11 |       0 |   0.0
        D:4 |      72 |       0 |   0.0 |       4 |       0 |   0.0
            +---------+---------+-------+---------+---------+-------
